 Dungeon Crawl Stone Soup version 0.28-a0-578-g717728bcc0 (webtiles) character file.

Game seed: 165024081318900058

82548 Conn the Scorcher (level 15, 0/88 HPs)
             Began as an Octopode Fire Elementalist on Oct 2, 2021.
             Was a High Priest of Sif Muna.
             Shot with an arrow by a centaur (10 damage)
             ... led by a centaur warrior
             ... on level 14 of the Dungeon.
             The game lasted 02:09:57 (34981 turns).

Conn the Scorcher (Octopode Fire Elementalist)     Turns: 34981, Time: 02:09:57

Health: 0/88       AC:  5    Str:  7    XL:     15   Next: 74%
Magic:  1/41       EV: 18    Int: 29    God:    Sif Muna [*****.]
Gold:   1086       SH:  0    Dex: 27    Spells: 3/40 levels left

rFire   + . .      SeeInvis .   b - +5 mace of Equivalence {vorpal, Dex+3 Stlth+}
rCold   + . .      Faith    .   (no shield)
rNeg    + + .      Spirit   .   (helmet restricted)
rPois   .          Reflect  .   J - amulet of the Four Winds {rN+ Will+++ Clar}
rElec   .          Harm     .   g - ring of fire
rCorr   +          Rampage  .   r - ring of protection from cold
Will    ++++.      Clarity  +   v - ring "Ynoguul" {Wiz rN+}
Stlth   ++++++....              k - ring of resist corrosion
HPRegen 0.24/turn               H - ring of protection from cold
MPRegen 0.27/turn               L - ring of Lyg Wex {MP+9 Dex+6}
                                N - +6 ring of intelligence
                                O - ring "Sirphoma" {AC+4 Dex+4}

@: no status effects
A: almost no armour, amphibious, 8 rings, camouflage 1, gelatinous body 1,
(nimble swimmer 1), tentacles
a: Renounce Religion, Channel Magic, Forget Spell, Divine Exegesis


You were on level 14 of the Dungeon.
You worshipped Sif Muna.
Sif Muna was extremely pleased with you.
You visited 5 branches of the dungeon, and saw 24 of its levels.
You also visited: Volcano.

You collected 3063 gold pieces.
You spent 1977 gold pieces at shops.

Inventory:

Hand Weapons
 a - a +3 dagger of electrocution
 b - the +5 mace of Equivalence (weapon) {vorpal, Dex+3 Stlth+}
   (You found it on level 3 of the Lair of Beasts)

   It inflicts extra damage upon your enemies.
   Dex:       It affects your dexterity (+3).
   Stlth:     It makes you more stealthy.
Missiles
 y - 7 curare-tipped darts (quivered)
 E - 8 boomerangs of dispersal
Jewellery
 g - a ring of fire (left tentacle)
 k - a ring of resist corrosion (on tentacle)
 m - a +6 ring of dexterity
 p - a ring of wizardry
 r - a ring of protection from cold (right tentacle)
 v - the ring "Ynoguul" (on tentacle) {Wiz rN+}
   (You found it on level 6 of the Dungeon)

   [ring of wizardry]

   It improves your spell success rate.
   rN:        It protects you from negative energy.
 B - an amulet of regeneration
 H - a ring of protection from cold (on tentacle)
 J - the amulet of the Four Winds (around mantle) {rN+ Will+++ Clar}
   (You found it on level 5 of the Lair of Beasts)

   [amulet of nothing]

   rN:        It protects you from negative energy.
   Clar:      It protects you against confusion.
   Will:      It greatly increases your willpower.
 L - the ring of Lyg Wex (on tentacle) {MP+9 Dex+6}
   (You bought it in a shop on level 5 of the Dungeon)

   [ring of dexterity]

   Dex:       It affects your dexterity (+6).
   MP:        It affects your magic capacity (+9).
 N - a +6 ring of intelligence (on tentacle)
 O - the ring "Sirphoma" (on tentacle) {AC+4 Dex+4}
   (You bought it in a shop on level 5 of the Dungeon)

   [ring of protection]

   AC:        It affects your AC (+4).
   Dex:       It affects your dexterity (+4).
 P - a ring of positive energy
 Q - the ring of Kesin {Wiz Str+2}
   (You found it on level 11 of the Dungeon)

   [ring of wizardry]

   It improves your spell success rate.
   Str:       It affects your strength (+2).
Wands
 j - a wand of digging (11)
 l - a wand of flame (10)
 q - a wand of iceblast (47)
 I - a wand of paralysis (14)
 S - a wand of charming (13)
Scrolls
 d - a scroll of brand weapon
 e - 3 scrolls of enchant armour
 i - 4 scrolls of fog
 n - 2 scrolls of fear
 o - 2 scrolls of teleportation
 x - a scroll of immolation
 C - a scroll of torment
 R - a scroll of enchant weapon
Potions
 f - a potion of lignification
 h - a potion of brilliance
 s - 4 potions of curing
 t - 2 potions of invisibility
 u - 3 potions of might
 w - 3 potions of berserk rage
 z - a potion of heal wounds
 A - a potion of attraction
 D - 2 potions of mutation
 F - 2 potions of ambrosia
 G - 3 potions of haste
 K - a potion of cancellation
 M - 2 potions of magic
Miscellaneous
 c - a phantom mirror


   Skills:
 + Level 3.5 Fighting
 + Level 2.2 Short Blades
 + Level 2.3 Maces & Flails
 + Level 0.1 Throwing
 + Level 5.3 Dodging
 + Level 6.4 Stealth
 + Level 0.6 Unarmed Combat
 + Level 13.0 Spellcasting
 + Level 12.7 Conjurations
 + Level 6.9 Hexes
 + Level 4.3 Translocations
 + Level 15.8 Fire Magic
 + Level 1.3 Earth Magic
 - Level 7.0 Invocations
 + Level 0.7 Evocations


You had 3 spell levels left.
You knew the following spells:

 Your Spells              Type           Power      Damage    Failure   Level
a - Foxfire               Conj/Fire      100%       2x1d9     0%          1
b - Ignition              Fire           52%        3d15      11%         8
c - Inner Flame           Hex/Fire       91%        N/A       1%          3
d - Flame Wave            Conj/Fire      100%       3d16      1%          4
e - Scorch                Fire           100%       2d10      0%          2
f - Iskenderun's Mystic   Conj/Tloc      62%        2d13      1%          4
g - Hailstorm             Conj/Ice       54%        3d12      1%          4
i - Starburst             Conj/Fire      50%        6d14      1%          6
j - Fireball              Conj/Fire      50%        3d20      1%          5

Your spell library contained the following spells:

 Spells                   Type           Power      Damage    Failure   Level
 Magic Dart               Conj           100%       1d8       0%          1
 Conjure Flame            Conj/Fire      100%       6-21      0%          3
 Animate Skeleton         Necr           36%        N/A       1%          1
 Freeze                   Ice            76%        1d9       1%          1
 Pain                     Necr           72%        1d7       1%          1
 Shock                    Conj/Air       100%       1d9       1%          1
 Corpse Rot               Necr/Air       N/A        N/A       1%          2
 Poisonous Vapours        Pois/Air       36%        N/A       1%          2
 Slow                     Hex            56%        N/A       1%          2
 Sublimation of Blood     Necr           9%         N/A       1%          2
 Wereblood                Tmut           18%        N/A       1%          2
 Confusing Touch          Hex            56%        N/A       1%          3
 Dazzling Flash           Conj/Hex       100%       N/A       1%          3
 Stone Arrow              Conj/Erth      100%       3d13      1%          3
 Tukima's Dance           Hex            56%        N/A       1%          3
 Frozen Ramparts          Ice            38%        1d5       3%          3
 Vampiric Draining        Necr           9%         2d7       3%          3
 Fulminant Prism          Conj/Hex       33%        3d16      1%          4
 Passage of Golubria      Tloc           N/A        N/A       1%          4
 Iskenderun's Battlesphe  Conj           75%        2d12      1%          5
 Lightning Bolt           Conj/Air       27%        1d43      2%          5
 Orb of Destruction       Conj           37%        9d13      4%          7
 Metabolic Englaciation   Hex/Ice        19%        N/A       8%          5
 Summon Mana Viper        Hex/Summ       38%        N/A       8%          5
 Yara's Violent Unravell  Hex/Tmut       19%        3d9       8%          5
 Petrify                  Tmut/Erth      22%        N/A       9%          4
 Animate Dead             Necr           9%         N/A       11%         4
 Dispel Undead            Necr           18%        3d11      11%         4
 Summon Ice Beast         Ice/Summ       19%        N/A       11%         4
 Conjure Ball Lightning   Conj/Air       27%        3x3d8     12%         6
 Lee's Rapid Deconstruct  Erth           13%        3d10*     17%         5
 Statue Form              Tmut/Erth      14%        N/A       75%         6
 Death Channel            Necr           9%         N/A       82%         6
 Summon Cactus Giant      Summ           9%         N/A       82%         6
 Lehudib's Crystal Spear  Conj/Erth      28%        10d7      98%         8
 Haunt                    Necr/Summ      9%         N/A       100%        7
 Monstrous Menagerie      Summ           9%         N/A       100%        7
 Summon Hydra             Summ           9%         N/A       100%        7
 Infestation              Necr           9%         N/A       100%        8
 Animate Armour           Summ/Erth      Unusable   N/A       N/A         4

Dungeon Overview and Level Annotations

Branches:
Dungeon (14/15)            Temple (1/1) D:7            Lair (6/6) D:8
  Swamp (0/4) Lair:3        Snake (0/4) Lair:2        Slime (0/5) Lair:6
    Orc (2/2) D:12            Elf (0/3) Orc:2          Hell (visited)
Volcano (visited)
 Vaults: D:13-14        Dis: Hell:1         Geh: Hell:1         Coc: Hell:1
    Tar: Hell:1

Altars:
Ashenzari
Cheibriados
Dithmenos
Fedhas
Gozag
Hepliaklqana
Kikubaaqudgha
Makhleb
Nemelex Xobeh
Okawaru
Qazlal
Ru
Sif Muna
Trog
Uskayaw
Vehumet
Wu Jian
Xom
Yredelemnul
Zin
The Shining One
Beogh
Jiyva

Shops:
D:1 [   D:5 =   Orc:2 (*:[*

Portals:
Hell: Lair:6

Annotations:
D:9 2 transporters, Heedrag's ghost, novice TrBe
Hell Geryon


Innate Abilities, Weirdness & Mutations

You cannot wear most types of armour.
You are amphibious.
You can wear up to eight rings at the same time.
Your skin changes colour to match your surroundings (Stealth+).
Your rubbery body absorbs attacks. (AC +1, EV +1)
((You are camouflaged near water. (Stealth+)))
You have tentacles for arms and can constrict up to eight enemies at once.


Message History

The fireball engulfs the boulder beetle!!!
You kill the boulder beetle!
Sif Muna accepts your kill.
You hear a horrible gurgling sound! x2
The centaur shoots an arrow.
The arrow hits you.
A centaur comes into view.
The centaur shoots an arrow.
The arrow hits you!
Your Spellcasting skill increases to level 13!
Unknown command.
Casting: Fireball (safe; 1% risk of failure)
Confirm with . or Enter, or press ? or * to list all spells.
Aiming: Inner Flame (safe; 1% risk of failure)
Press: ? - help, Shift-Dir - straight line, f - wraith
Aim: a wraith (severely damaged, chance to affect: 86%)
You feel a surge of power!
The wraith is filled with an inner flame.
A centaur warrior comes into view.
The centaur wields a +0 shortbow.
The centaur shoots an arrow.
The arrow hits you.
The centaur shoots an arrow.
The arrow hits you.
Casting: Inner Flame (safe; 1% risk of failure)
Confirm with . or Enter, or press ? or * to list all spells.
You feel a surge of power!
You conjure some foxfire!
The centaur shoots an arrow.
The arrow hits you but does no damage.
The centaur shoots an arrow.
The arrow misses you.
The centaur warrior wields a +0 longbow.
The centaur warrior shoots an arrow.
The arrow completely misses you.
The centaur shoots an arrow.
The arrow hits you.
The centaur shoots an arrow.
The arrow hits you.
Unknown command.
The foxfire hits the wraith!
Sif Muna accepts your kill.
The wraith explodes!
The fiery explosion engulfs your foxfire.
Your foxfire completely resists.
The centaur warrior shoots an arrow.
The arrow hits you!!
* * * LOW HITPOINT WARNING * * *
The centaur shoots an arrow.
The arrow hits you!
* * * LOW HITPOINT WARNING * * *
The centaur shoots an arrow.
The arrow hits you!
You die...

#.# #.## #
...####.#
......... .##
##........
....##...<.....
..§§§☼§........
..§.§§§@#
..§°v§.##
#...... #......
..#.... . #..##


.cc cc.# You could see a centaur warrior and 3 centaurs.

Vanquished Creatures
  Saint Roka (Orc:2)
  Rupert (Lair:4)
  Kirke (Lair:4)
  Nessos (Lair:4)
  Josephine (D:14)
  An ettin (Orc:2)
  A boulder beetle (D:14)
  6 hydras
  Erica (D:9)
  A centaur warrior (D:13)
  9 death yaks (Lair:6)
  2 two-headed ogres (D:13)
  A hell hog (Volcano)
  Urug (Lair:4)
  An orc high priest (Orc:2)
  2 fire crabs
  4 skeletal warriors (D:11)
  A sixfirhy (Lair:6)
  A necromancer (Lair:3)
  5 orc sorcerers
  4 orc knights (Orc:2)
  A wizard (Lair:6)
  An ugly thing (D:9)
  A deep elf pyromancer (D:13)
  2 manticores (D:13)
  15 elephants
  14 cane toads
  5 black mambas
  A smoke demon (Lair:6)
  A gargoyle (D:13)
  2 orange demons (Lair:6)
  5 kobold demonologists
  A torpor snail (Lair:5)
  11 komodo dragons
  An unseen horror (D:10)
  6 rime drakes
  3 ice devils (Lair:6)
  A red devil (Lair:6)
  6 trolls
  A polar bear (Lair:6)
  20 blink frogs
  Grinder (D:2)
  A meliai zombie (D:10)
  8 dream sheep
  A wyvern (Lair:3)
  53 yaks
  8 fire bats (Volcano)
  A shadow (D:11)
  A human (Lair:4)
  5 wraiths (D:14)
  6 basilisks
  A hog (Lair:4)
  3 steam dragons
  14 vampire mosquitoes (D:13)
  3 wargs
  4 swamp worms (D:11)
  4 nagas (Lair:2)
  9 water moccasins
  2 acid dragons
  5 hell hounds
  Duvessa (D:7)
  2 sky beasts
  22 orc warriors
  2 necrophages
  An ice beast (D:7)
  7 black bears
  6 ogres
  23 wolves
  9 centaurs
  2 phantoms
  Blork the orc (Orc:2)
  16 bullfrogs
  2 gnoll sergeants (D:7)
  6 kobold brigands
  A water moccasin skeleton (D:6)
  Dowan (D:7)
  4 wights (D:7)
  6 killer bees (D:6)
  5 howler monkeys
  3 electric eels (D:12)
  5 lava snakes (Volcano)
  6 centaur zombies
  15 orc priests
  2 hounds
  3 centaur skeletons
  2 iguanas
  Jessica (D:3)
  2 bullfrog skeletons
  Natasha (thrice) (D:3)
  Ijyb (D:4)
  10 orc wizards
  2 polar bear simulacra (Lair:3)
  A killer bee zombie (D:9)
  6 wolf simulacra (Lair:3)
  3 howler monkey zombies
  Robin (D:4)
  10 gnolls
  10 adders
  A shadow imp (D:7)
  2 white imps (D:8)
  2 ufetubi (D:6)
  A worm (D:4)
  A dart slug (D:4)
  23 orcs
  6 ball pythons
  5 endoplasms
  4 giant cockroaches
  7 hobgoblins
  2 jackals (D:3)
  26 kobolds
  3 quokkas
  6 bats
  A frilled lizard (D:2)
  14 goblins
  2 rats
  3 river rat simulacra (Lair:3)
  A spectral orc (D:9)
  14 briar patches (D:11)
  2 bushes
  A butterfly (Lair:6)
604 creatures vanquished.

Vanquished Creatures (collateral kills)
  A black mamba (Lair:4)
  15 foxfires
16 creatures vanquished.

Vanquished Creatures (others)
  A human (Lair:4)
  1980 foxfires
  65 fungi
  52 plants
2098 creatures vanquished.

Grand Total: 2718 creatures vanquished

Notes
Turn   | Place    | Note
-------+----------+-------------------------------------------
     0 | D:1      | Conn the Octopode Fire Elementalist began the quest for the
                  | Orb.
     0 | D:1      | Reached XP level 1. HP: 11/11 MP: 3/3
   163 | D:1      | Reached XP level 2. HP: 12/17 MP: 1/5
   361 | D:1      | Found a faded altar of an unknown god.
   361 | D:1      | Noticed a Brimstone Fiend
   710 | D:1      | Found Taesit's Antique Armour Boutique.
  1613 | D:2      | Reached XP level 3. HP: 5/21 MP: 4/6
  2537 | D:3      | Noticed Jessica
  2547 | D:3      | Killed Jessica
  2550 | D:3      | Reached XP level 4. HP: 27/27 MP: 0/8
  2674 | D:3      | Noticed Grinder
  2700 | D:3      | Paralysed by Grinder for 5 turns
  2715 | D:3      | Paralysed by Grinder for 4 turns
  2726 | D:3      | Paralysed by Grinder for 5 turns
  2900 | D:2      | Learned a level 3 spell: Conjure Flame
  2904 | D:2      | Learned a level 3 spell: Inner Flame
  2953 | D:2      | Killed Grinder
  2954 | D:2      | Reached skill level 4 in Fire Magic
  2954 | D:2      | Reached XP level 5. HP: 32/32 MP: 2/10
  2954 | D:2      | Reached XP level 6. HP: 37/37 MP: 2/11
  3043 | D:3      | Noticed Natasha
  3048 | D:3      | Killed Natasha
  3172 | D:3      | Noticed Natasha
  3187 | D:3      | Killed Natasha
  3188 | D:3      | Reached skill level 1 in Short Blades
  3261 | D:3      | Noticed Natasha
  3273 | D:3      | Killed Natasha
  3776 | D:3      | Found a bloodstained altar of Trog.
  3786 | D:3      | Found a snail-covered altar of Cheibriados.
  3854 | D:4      | Noticed Ijyb
  4202 | D:4      | Noticed Robin
  4208 | D:4      | Killed Robin
  4245 | D:5      | Entered Level 5 of the Dungeon
  4468 | D:5      | Reached XP level 7. HP: 36/42 MP: 4/12
  4786 | D:5      | Found Oclups Opno's Jewellery Shop.
  4842 | D:5      | Learned a level 4 spell: Flame Wave
  4845 | D:5      | Learned a level 2 spell: Scorch
  4976 | D:5      | Reached skill level 5 in Fire Magic
  5998 | D:4      | Killed Ijyb
  6160 | D:4      | Identified the +5 ring mail of Qazlal's Condemnation
                  | {Rampage rPois}
  6389 | D:4      | Reached XP level 8. HP: 47/47 MP: 9/14
  6765 | D:6      | Found a sacrificial altar of Ru.
  6961 | D:6      | Reached skill level 1 in Fighting
  6961 | D:6      | Reached skill level 5 in Stealth
  6961 | D:6      | Reached skill level 6 in Fire Magic
  6996 | D:6      | Reached skill level 5 in Spellcasting
  7334 | D:6      | Identified the ring "Ynoguul" {Wiz rN+}
  7355 | D:6      | Learned a level 4 spell: Iskenderun's Mystic Blast
  7392 | D:6      | Reached skill level 7 in Fire Magic
  7392 | D:6      | Reached XP level 9. HP: 54/54 MP: 11/17
  7441 | D:6      | Found an ancient bone altar of Kikubaaqudgha.
  7478 | D:6      | Found a broken altar of Ashenzari.
  7670 | D:7      | Reached skill level 5 in Conjurations
  7711 | D:7      | Found a stormy altar of Qazlal.
  7792 | D:7      | Reached skill level 1 in Translocations
  7873 | D:7      | Found a burning altar of Makhleb.
  8022 | D:7      | Found a staircase to the Ecumenical Temple.
  8238 | D:7      | Noticed Dowan
  8244 | D:7      | Killed Dowan
  8262 | D:7      | Noticed Duvessa
  8461 | D:7      | Reached skill level 8 in Fire Magic
  8668 | D:7      | Killed Duvessa
  9376 | D:8      | Found a blossoming altar of Fedhas.
  9456 | D:8      | Found a staircase to the Lair.
  9729 | D:9      | Found a hazy altar of Hepliaklqana.
  9748 | D:9      | Noticed Erica
  9760 | D:9      | Killed Erica
  9761 | D:9      | Reached skill level 1 in Hexes
  9761 | D:9      | Reached XP level 10. HP: 34/60 MP: 9/19
  9930 | D:9      | Noticed a two-headed ogre
  9933 | D:9      | Noticed Heedrag's ghost (novice TrBe)
  9941 | D:9      | Noticed a moth of wrath
 10020 | D:9      | Found a bloodstained altar of Trog.
 10029 | D:9      | Noticed a two-headed ogre
 10033 | D:9      | Found a transporter.
 10038 | D:9      | Found a transporter.
 10041 | D:9      | Noticed a tengu warrior
 10052 | D:9      | Noticed a two-headed ogre
 10082 | D:9      | Learned a level 4 spell: Hailstorm
 10143 | D:9      | Noticed a white ugly thing
 10153 | D:9      | Killed a white ugly thing
 10154 | D:9      | Reached skill level 9 in Fire Magic
 10644 | D:9      | Found a basalt altar of Yredelemnul.
 10834 | D:10     | Entered Level 10 of the Dungeon
 11427 | D:10     | Noticed a kobold demonologist
 11431 | D:10     | Noticed a kobold demonologist
 11432 | D:10     | Killed a kobold demonologist
 11434 | D:10     | Killed a kobold demonologist
 12210 | D:10     | Killed an unseen horror
 12211 | D:10     | Reached XP level 11. HP: 32/64 MP: 15/22
 12406 | D:10     | Reached skill level 10 in Fire Magic
 13301 | D:11     | Noticed a skeletal warrior
 13302 | D:11     | Noticed a skeletal warrior
 13832 | Lair:1   | Entered Level 1 of the Lair of Beasts
 13896 | Lair:1   | Noticed a six-headed hydra
 13902 | Lair:1   | Killed a six-headed hydra
 14276 | Lair:1   | Reached skill level 11 in Fire Magic
 15216 | Lair:1   | Noticed an eight-headed hydra
 15337 | Lair:1   | Killed an eight-headed hydra
 15881 | Lair:2   | Reached XP level 12. HP: 8/72 MP: 11/24
 16681 | Lair:2   | Found a staircase to the Snake Pit.
 16788 | Lair:2   | Noticed a four-headed hydra
 16804 | Lair:2   | Killed a four-headed hydra
 16805 | Lair:2   | Reached skill level 12 in Fire Magic
 18244 | Lair:3   | Identified the +5 mace of Equivalence {vorpal, Dex+3
                  | Stlth+}
 18253 | Lair:3   | Found a staircase to the Swamp.
 18410 | Lair:3   | Reached skill level 10 in Conjurations
 18916 | Lair:4   | Noticed Kirke
 18926 | Lair:4   | Killed Kirke
 18927 | Lair:4   | Reached skill level 5 in Hexes
 18927 | Lair:4   | Reached skill level 13 in Fire Magic
 18927 | Lair:4   | Reached XP level 13. HP: 76/76 MP: 13/26
 18928 | Lair:4   | Noticed Rupert
 18939 | Lair:4   | Killed Rupert
 18955 | Lair:4   | Reached skill level 10 in Spellcasting
 18959 | Lair:4   | Reached skill level 1 in Maces & Flails
 19633 | Lair:4   | Noticed Nessos
 19641 | Lair:4   | Killed Nessos
 19688 | Lair:4   | Learned a level 3 spell: Stone Arrow
 19695 | Lair:4   | Learned a level 6 spell: Starburst
 19716 | Lair:4   | Noticed Urug
 19728 | Lair:4   | Killed Urug
 20403 | Lair:4   | Identified a scroll of acquirement
 20403 | Lair:4   | Acquired 711 gold pieces
 20586 | D:5      | Bought the ring of Lyg Wex {MP+9 Dex+6} for 928 gold pieces
 20623 | D:5      | Bought the ring "Sirphoma" {AC+4 Dex+4} for 565 gold pieces
 20785 | Temple   | Entered the Ecumenical Temple
 20843 | Temple   | Became a worshipper of Sif Muna the Loreminder
 21114 | D:11     | Found a transporter.
 21150 | D:11     | Found a transporter.
 21150 | D:11     | Found the +2 cloak of the Thief {*Fog Slay-2 SInv Stlth+}
 21253 | D:11     | Reached skill level 14 in Fire Magic
 21253 | D:11     | Reached skill level 1 in Invocations
 21630 | D:11     | Found a bloodstained altar of Trog.
 21703 | D:12     | Found a staircase to the Orcish Mines.
 21714 | Orc:1    | Entered Level 1 of the Orcish Mines
 21908 | Orc:1    | Reached * piety under Sif Muna
 21947 | Orc:1    | Found a dark tunnel.
 21956 | Volcano  | Entered a volcano
 22287 | Volcano  | Found a bloodstained altar of Trog.
 22328 | Volcano  | Reached skill level 1 in Earth Magic
 22333 | Volcano  | Found a burning altar of Makhleb.
 22924 | Orc:2    | Entered Level 2 of the Orcish Mines
 23099 | Orc:2    | Found Hiqent's General Store.
 23101 | Orc:2    | Found a staircase to the Elven Halls.
 23126 | Orc:2    | Reached ** piety under Sif Muna
 23370 | Orc:2    | Reached XP level 14. HP: 81/81 MP: 23/28
 23370 | Orc:2    | Noticed Blork the orc
 23379 | Orc:2    | Killed Blork the orc
 23434 | Orc:2    | Noticed Saint Roka
 23635 | Orc:2    | Killed Saint Roka
 24538 | Orc:2    | Found Bennigek's Book Emporium.
 24554 | Orc:2    | Bought a book of Fire for 484 gold pieces
 24561 | Orc:2    | Learned a level 5 spell: Fireball
 24619 | Orc:2    | Found Erywafof's Antique Armour Emporium.
 24633 | Orc:2    | Found Fugim's General Store.
 24738 | Orc:2    | Found Joecw's Antique Weapon Emporium.
 25642 | D:12     | Identified the +4 falchion of the Scorching Seeker {freeze,
                  | Dex+3}
 25871 | D:12     | Reached *** piety under Sif Muna
 26980 | Lair:5   | Found the amulet of the Four Winds {rN+ Will+++ Clar}
 27323 | Lair:5   | Identified the +7 hand crossbow of Prescription {penet, rF-
                  | Dex+9}
 27650 | Lair:6   | Entered Level 6 of the Lair of Beasts
 27840 | Lair:6   | Reached skill level 15 in Fire Magic
 28496 | Lair:6   | Reached **** piety under Sif Muna
 28514 | Lair:6   | Reached skill level 5 in Invocations
 28879 | Lair:6   | Reached skill level 5 in Dodging
 28913 | Lair:6   | Found a viscous altar of Jiyva.
 28914 | Lair:6   | Found a staircase to the Slime Pits.
 29140 | Lair:6   | Reached XP level 15. HP: 60/88 MP: 29/30
 29753 | Lair:6   | Learned a level 8 spell: Ignition
 31345 | Lair:6   | Found a burning altar of Makhleb.
 31426 | Lair:6   | Found a gateway to Hell.
 31453 | Hell     | Entered the Vestibule of Hell
 31453 | Hell     | Noticed Geryon
 32725 | D:11     | Identified the ring of Kesin {Wiz Str+2}
 32831 | D:13     | HP: 4/88 [centaur warrior/arrow (33)]
 34028 | D:13     | Identified the +0 leather armour "Qaigurai" {rN+ MP+9
                  | Int+3}
 34346 | D:13     | Reached ***** piety under Sif Muna
 34516 | D:13     | Identified the +1 chain mail of Nemelex Xobeh's Pride
                  | {Rampage}
 34612 | D:13     | Identified the +5 quarterstaff of the Muttering King {vamp,
                  | Dex+2}
 34731 | D:13     | Received a gift from Sif Muna
 34735 | D:13     | Got Sif Muna's Incunabulum of Combat Magic and Fire {god
                  | gift}
 34967 | D:14     | Noticed Josephine
 34975 | D:14     | Killed Josephine
 34981 | D:14     | Shot with an arrow by a centaur

Illustrated notes

Levels and vault maps discovered:
D:1:      dpeg_arrival_houses_and_road, layout_basic,
          dreamdust_ecumenical_altar_sealed_demon, serial_shops, shop
D:2:      layout_loops_ring, chequers_serial_rivers_room_b
D:3:      layout_rooms, minitemple, uniq_jessica, uniq_natasha, uniq_grinder
D:4:      layout_rooms, uniq_robin, uniq_ijyb
D:5:      layout_basic, serial_shops, shop_coins
D:6:      layout_cave_pools, nicolae_ru_awakened_eye, evilmike_ruin_ashenzari,
          kiku_gazebo_pond_becter
D:7:      layout_cave_pools, mainiacjoe_overflow_concentric_impassable,
          makhleb_heckhound_becter, minmay_temple_entry_enclosed_plants,
          uniq_duvessa
D:8:      layout_rooms, general_overflow_altar, lair_entry_dummy
D:9:      layout_small_grid, mainiacjoe_overflow_six_doors_small,
          yredelemnul_forgotten_temple_becter,
          gammafunk_ghost_wrathful_warriors, uniq_erica
D:10:     kennysheep_ambush_hall, layout_loops_ring
D:11:     gammafunk_worm_tunnel, layout_stronghold, david_defended_altar_orc
D:12:     layout_basic, orc_0_dummy, enter_bailey_2
D:13:     layout_basic
D:14:     layout_cave_pools, grunt_vaults_entry_fortified, serial_shops,
          shop_fountains, chequers_arboretum, hangedman_glass_teeth,
          trog_hazing_becter, uniq_josephine
Temple:   hc_temple_tempest_star
Lair:1:   layout_regular_city, grunt_megastairs_1
Lair:2:   layout_layer_cave, guppyfry_snake_entry_island, beast_lair_carwin_4,
          grunt_megastairs_2
Lair:3:   layout_chaotic_city, swamp_mist, eino_house_with_fridge,
          grunt_megastairs_5
Lair:4:   layout_cave_pods, infiniplex_staircase_pool_2, lemuel_fruit_fields,
          lemuel_fruit_tree, uniq_nessos, uniq_rupert, uniq_urug, uniq_kirke
Lair:5:   layout_loops_ring, grunt_megastairs_3
Lair:6:   evil_forest, layout_regular_city, slime_altar_1, lemuel_fruit_fields
Orc:1:    layout_caves, lightli_volcano_entry_magma_tube
Orc:2:    grunt_orc_cross, layout_diamond_mine, serial_shops,
          nicolae_square_shop, mines2_lemuel
Hell

Skill      XL: |  1  2  3  4  5  6  7  8  9 10 11 12 13 14 15 |
---------------+----------------------------------------------+-----
Stealth        | 3 4 5 6 |  6.4
Spellcasting   | 3 4 5 6 7 8 9 10 11 13 | 13.0
Conjurations   | 2 3 4 7 9 10 11 12 | 12.7
Fire Magic     | 4 5 7 8 9 11 13 14 15 | 15.8
Short Blades   | 1 2 |  2.2
Fighting       | 1 2 3 |  3.5
Dodging        | 3 4 5 |  5.3
Translocations | 2 3 4 |  4.3
Hexes          | 1 2 3 5 6 |  6.9
Maces & Flails | 1 2 |  2.3
Invocations    | 2 5 7 |  7.0
Earth Magic    | 1 |  1.3
Throwing       | |  0.1
Unarmed Combat | |  0.6
Evocations     | |  0.7

Action                   |  1- 3 |  4- 6 |  7- 9 | 10-12 | 13-15 || total
-------------------------+-------+-------+-------+-------+-------++-------
Melee: Unarmed           |    22 |       |       |       |       ||    22
       Constrict         |     4 |     6 |    10 |     7 |    14 ||    41
       Tentacles         |     2 |     2 |    16 |     7 |    20 ||    47
       Dagger            |       |    40 |    72 |    31 |       ||   143
       Mace              |       |       |       |     1 |    48 ||    49
Throw: Throwing net      |       |       |     1 |       |       ||     1
       Dart              |       |       |       |     1 |     2 ||     3
 Cast: Foxfire           |    42 |    85 |   254 |   250 |   518 ||  1149
       Inner Flame       |       |     1 |    12 |    86 |   139 ||   238
       Scorch            |       |       |     1 |     7 |     5 ||    13
       Flame Wave        |       |       |     1 |    10 |    11 ||    22
       Conjure Flame     |       |       |     1 |     3 |     1 ||     5
       Iskenderun's Myst |       |       |       |    18 |    50 ||    68
       Stone Arrow       |       |       |       |       |    27 ||    27
       Starburst         |       |       |       |       |    53 ||    53
       Hailstorm         |       |       |       |       |    20 ||    20
       Fireball          |       |       |       |       |    31 ||    31
       Ignition          |       |       |       |       |     2 ||     2
Invok: Channel Magic     |       |       |       |       |     6 ||     6
Evoke: Phantom mirror    |       |       |       |     1 |     3 ||     4
       Wand              |       |       |       |       |     8 ||     8
  Use: Potion            |       |     4 |     2 |     1 |    12 ||    19
       Scroll            |       |     4 |    13 |     9 |    10 ||    36
 Stab: Sleeping          |       |     2 |     3 |     3 |       ||     8
Armor: Skin              |     3 |    36 |    26 |     9 |    27 ||   101
Dodge: Dodged            |    19 |    20 |    82 |   108 |   173 ||   402

Table legend: (Time is in decaauts)
 A = Elapsed time spent in this place.
 B = Non-inter-level travel time spent in this place.
 C = Inter-level travel time spent in this place.
 D = Time resting spent in this place.
 E = Time spent auto-exploring this place.
 F = Levels seen in this place.
 G = Mean time per level.
                   A        B        C        D        E       F      G
               +--------+--------+--------+--------+--------+-----+--------+
         Total |  35033 |  33704 |   1329 |   5168 |  20678 |  25 | 1401.3 |
       Dungeon |  19501 |  18500 |   1001 |   2743 |  11663 |  14 | 1392.9 |
        Temple |     74 |     61 |     13 |      0 |     40 |   1 |   74.0 |
          Lair |  11949 |  11655 |    294 |   1837 |   7469 |   6 | 1991.5 |
  Orcish Mines |   2917 |   2898 |     19 |    309 |   1411 |   2 | 1458.5 |
          Hell |      4 |      4 |      0 |      0 |      0 |   1 |    4.0 |
       Volcano |    585 |    585 |      0 |    279 |     95 |   1 |  585.0 |
               +--------+--------+--------+--------+--------+-----+--------+

Top non-repeatable levels by time:
  Lair:6: 3704 daAuts
    D:11: 2321 daAuts
    D:10: 2218 daAuts
  Lair:1: 2039 daAuts
   Orc:2: 1936 daAuts
  Lair:2: 1924 daAuts
    D:13: 1831 daAuts
     D:5: 1821 daAuts
     D:9: 1562 daAuts
    D:12: 1557 daAuts
  Lair:4: 1536 daAuts
     D:2: 1507 daAuts
     D:1: 1399 daAuts
  Lair:3: 1392 daAuts
  Lair:5: 1352 daAuts
